 Dungeon Crawl Stone Soup version 0.29-a0-284-gf9362112df (webtiles) character file.

Game seed: 104854621620356327

767 sokol815 the Conjurer (level 7, 0/41 HPs)
             Began as an Octopode Fire Elementalist on Mar 23, 2022.
             Slain by an orc warrior
             ... wielding a +0 hand axe of flaming
              (1 damage)
             ... on level 6 of the Dungeon.
             The game lasted 00:10:53 (4794 turns).

sokol815 the Conjurer (Octopode Fire Elementalist)  Turns: 4794, Time: 00:10:53

Health: 0/41       AC:  1    Str:  7    XL:     7   Next: 82%
Magic:  13/19      EV: 13    Int: 20    God:
Gold:   179        SH:  0    Dex: 12    Spells: 3/10 levels left

rFire   . . .      SeeInvis .   a - +2 dagger (drain)
rCold   . . .      Faith    .   (no shield)
rNeg    . . .      Spirit   .   (helmet restricted)
rPois   .          Reflect  .   (no amulet)
rElec   .          Harm     .   d - ring of magical power {MP+9}
rCorr   .          Rampage  .   b - ring of flight {+Fly, !d}
Will    .....                   (no ring)
Stlth   +++.......              (no ring)
HPRegen 0.13/turn               (no ring)
MPRegen 0.16/turn               (no ring)
                                (no ring)
                                (no ring)

@: flying
A: almost no armour, amphibious, 8 rings, camouflage 1, gelatinous body 1,
(nimble swimmer 1), tentacles
a: no special abilities


You were on level 6 of the Dungeon.
You visited 1 branch of the dungeon, and saw 6 of its levels.

You collected 179 gold pieces.

Inventory:

Hand Weapons
 a - a +2 dagger of draining (weapon)
   (You took it off an orc wizard on level 4 of the Dungeon)
 c - a +0 club
   (You took it off a goblin on level 1 of the Dungeon)
 e - a +1 whip of freezing
   (You took it off an orc on level 4 of the Dungeon)
 h - a +1 vorpal mace
   (You took it off an orc on level 3 of the Dungeon)
 j - a +0 quarterstaff
   (You took it off a hobgoblin on level 3 of the Dungeon)
 l - a +0 dagger
   (You took it off a goblin on level 1 of the Dungeon)
Missiles
 g - a boomerang
 i - 4 poisoned darts
 s - 115 stones
Jewellery
 b - a ring of flight (right tentacle) {+Fly, !d}
   (You found it on level 3 of the Dungeon)
 d - a ring of magical power (left tentacle) {MP+9}
   (You took it off an orc on level 3 of the Dungeon)
Scrolls
 f - a scroll of torment {!r}
Potions
 k - 2 potions of attraction {!q}
 n - a potion of haste {unknown}
 J - 2 potions of curing {@q1}
 M - a potion of magic
 N - a potion of heal wounds {@q2}
 P - 2 potions of lignification {!q}
 U - a potion of mutation {!q}


   Skills:
 - Level 2.0 Dodging
 - Level 2.6 Stealth
 - Level 2.0 Spellcasting
 + Level 6.3 Conjurations
 + Level 6.3 Fire Magic


You had 3 spell levels left.
You knew the following spells:

 Your Spells              Type           Power      Damage    Failure   Level
a - Foxfire               Conj/Fire      100%       2x1d9     1%          1
b - Flame Wave            Conj/Fire      27%        2d7       12%         4
c - Searing Ray           Conj           54%        2d6       1%          2

Your spell library contained the following spells:

 Spells                   Type           Power      Damage    Failure   Level
 Magic Dart               Conj           100%       1d8       1%          1
 Scorch                   Fire           54%        2d8       1%          2
 Conjure Flame            Conj/Fire      27%        6-21      3%          3
 Inner Flame              Hex/Fire       14%        N/A       13%         3
 Summon Small Mammal      Summ           8%         N/A       16%         1
 Call Canine Familiar     Summ           2%         N/A       43%         3
 Summon Guardian Golem    Hex/Summ       2%         N/A       43%         3
 Fulminant Prism          Conj/Hex       7%         3d7       38%         4


Dungeon Overview and Level Annotations

Branches:
Dungeon (6/15)
 Temple: D:4-7

Altars:

Shops:
D:6 :

Annotations:
D:5 Sigmund


Innate Abilities, Weirdness & Mutations

You cannot wear most types of armour.
You are amphibious.
You can wear up to eight rings at the same time.
Your skin changes colour to match your surroundings (Stealth+).
Your rubbery body absorbs attacks. (AC +1, EV +1)
((You are camouflaged when in or above water. (Stealth+)))
You have tentacles for arms and can constrict up to eight enemies at once.


Message History

The centaur hits you.
The centaur kicks you but does no damage.
You take 3 damage, and have 38/41 hp.
You hit the centaur. You drain the centaur. You squeeze the centaur.
The centaur hits you. The centaur closely misses you. The centaur hits you.
The centaur misses you.
You take 3 damage, and have 35/41 hp.
You hit the centaur but do no damage. You drain the centaur.
Your squeeze misses the centaur. The centaur completely misses you.
The centaur kicks you.
You take 1 damage, and have 34/41 hp.
You barely miss the centaur.
The centaur hits you but does no damage.
The centaur kicks you. The centaur closely misses you. x2
You take 1 damage, and have 33/41 hp.
You hit the centaur. You drain the centaur. The centaur closely misses you.
The centaur kicks you but does no damage.
You barely miss the centaur. The centaur barely misses you.
The centaur closely misses you. The centaur misses you. x2
You hit the centaur but do no damage. The centaur misses you.
The centaur closely misses you.
You hit the centaur.
You kill the centaur!
Things that are here:
a +0 shortbow; a centaur corpse
Okay, then.
An adder comes into view.
Health restored: 41 You conjure some foxfire!
You now have 18/19 mp.
You conjure some foxfire!
The foxfire hits the adder.
You now have 17/19 mp.
You conjure some foxfire!
The foxfire hits the adder.
The foxfire hits the adder!
You kill the adder!
You now have 16/19 mp.
Found Siupauh's Book Shop.
MP restored: 19 An orc warrior and an orc priest come into view.
The orc warrior is wielding a +0 hand axe of flaming.
The orc priest shouts!
You conjure some foxfire!
The orc warrior shouts!
An orc comes into view. It is wielding a +0 club.
You now have 18/19 mp.
You conjure some foxfire!
The foxfire hits the orc priest.
The orc priest invokes the aid of Beogh against you.
You struggle to resist.
You now have 17/19 mp.
You conjure some foxfire!
The foxfire hits the orc priest!
The foxfire hits the orc warrior.
The orc priest mumbles some strange prayers to Beogh against you.
Beogh smites you!
You take 14 damage, and have 27/41 hp.
MASSIVE DAMAGE!!
You now have 16/19 mp.
Unknown command.
You conjure some foxfire!
The foxfire hits the orc warrior but does no damage.
The foxfire hits the orc warrior.
The foxfire hits the orc warrior but does no damage.
The orc priest invokes the aid of Beogh against you.
You struggle to resist.
You now have 15/19 mp.
You conjure some foxfire!
The foxfire hits the orc warrior but does no damage.
The foxfire hits the orc warrior!
You now have 14/19 mp.
You conjure some foxfire!
The foxfire hits the orc warrior but does no damage.
The foxfire hits the orc warrior.
You conjure some foxfire!
The foxfire hits the orc warrior.
The foxfire hits the orc warrior but does no damage.
The orc warrior barely misses you.
The orc warrior hits your foxfire with a +0 hand axe of flaming!
You now have 13/19 mp.
You hit the orc warrior but do no damage.
Your grab misses the orc warrior.
The foxfire hits the orc warrior but does no damage.
The foxfire hits the orc warrior.
The orc priest looks braver for a moment.
The orc warrior hits you with a +0 hand axe of flaming!
The orc warrior burns you.
* * * LOW HITPOINT WARNING * * *
The orc hits you with a +0 club.
* * * LOW HITPOINT WARNING * * *
You take 21 damage, and have 7/41 hp.
MASSIVE DAMAGE!!
You hit the orc warrior but do no damage.
Your grab misses the orc warrior. You squeeze the orc warrior.
The orc priest invokes the aid of Beogh against you.
Pain shoots through your body!
* * * LOW HITPOINT WARNING * * *
The orc warrior hits you with a +0 hand axe of flaming.
* * * LOW HITPOINT WARNING * * *
The orc warrior burns you.
You die...

.........# .........
......... .........
#######
........#######
#......
.....o.∩......#
#.#####
.......oo.....# #.#
#
.......@.#########.#
#
...###..§..........#
# +.........#####
#.........#
#.........#
#.........#
#........##
#####+#### ..


You could see an orc warrior, an orc priest and an orc.

Vanquished Creatures
  A black bear (D:4)
  A centaur (D:6)
  An ogre (D:4)
  A phantom (D:4)
  2 hounds
  2 iguanas
  5 orc wizards
  6 adders
  4 gnolls (D:3)
  An ufetubus (D:4)
  A worm (D:1)
  3 dart slugs
  15 orcs
  5 ball pythons
  9 bats
  8 endoplasms
  3 giant cockroaches
  8 goblins
  5 hobgoblins
  6 kobolds
  A quokka (D:2)
  3 frilled lizards
  5 rats
96 creatures vanquished.

Vanquished Creatures (others)
  335 foxfires
335 creatures vanquished.

Grand Total: 431 creatures vanquished

Notes
Turn   | Place    | Note
-------+----------+-------------------------------------------
     0 | D:1      | sokol815 the Octopode Fire Elementalist began the quest for
                  | the Orb.
     0 | D:1      | Reached XP level 1. HP: 11/11 MP: 3/3
     0 | D:1      | Noticed a felid
     6 | D:1      | Noticed a dwarf
     9 | D:1      | Noticed a demonspawn zombie
    12 | D:1      | Noticed a formicid
    16 | D:1      | Noticed a human
    16 | D:1      | Noticed a demonspawn
    16 | D:1      | Noticed a barachi
    18 | D:1      | Noticed a vampire
    20 | D:1      | Noticed an octopode
   158 | D:1      | Reached skill level 2 in Conjurations
   158 | D:1      | Reached XP level 2. HP: 17/17 MP: 0/5
   730 | D:1      | Reached XP level 3. HP: 21/21 MP: 3/6
   906 | D:1      | Found a faded altar of an unknown god.
   969 | D:1      | HP: 5/21 [giant cockroach (1)]
   973 | D:1      | HP: 2/21 [giant cockroach (2)]
  1253 | D:1      | Reached skill level 3 in Conjurations
  2042 | D:3      | Reached XP level 4. HP: 17/27 MP: 1/7
  2322 | D:3      | Reached XP level 5. HP: 27/31 MP: 6/8
  2329 | D:3      | Learned a level 4 spell: Flame Wave
  2595 | D:3      | Reached skill level 4 in Conjurations
  2595 | D:3      | Reached skill level 4 in Fire Magic
  2897 | D:3      | Learned a level 2 spell: Searing Ray
  3324 | D:4      | Reached XP level 6. HP: 35/36 MP: 9/9
  3537 | D:4      | Reached skill level 5 in Conjurations
  3537 | D:4      | Reached skill level 5 in Fire Magic
  3856 | D:4      | Reached XP level 7. HP: 41/41 MP: 10/10
  4427 | D:5      | Entered Level 5 of the Dungeon
  4444 | D:5      | Reached skill level 6 in Conjurations
  4444 | D:5      | Reached skill level 6 in Fire Magic
  4538 | D:5      | Noticed Sigmund
  4783 | D:6      | Found Siupauh's Book Shop.
  4793 | D:6      | HP: 8/41 [orc warrior/+0 hand axe of flaming (6)]
  4794 | D:6      | HP: 3/41 [orc priest/nerve-wracking pain (4)]
  4794 | D:6      | HP: 1/41 [orc warrior/+0 hand axe of flaming (2)]
  4794 | D:6      | Slain by an orc warrior

Illustrated notes

Levels and vault maps discovered:
D:1:      shiori_arrival_whats_in_store_for_you, layout_loops_cross,
          ebering_ecumenical_altar_webs
D:2:      layout_rooms
D:3:      layout_rooms, serial_rivers, chequers_serial_rivers_micro_c,
          chequers_serial_rivers_small_b, chequers_serial_rivers_room_a,
          chequers_serial_rivers_room_b
D:4:      layout_loops_ring, kennysheep_nub, minmay_misc_feat_x
D:5:      kennysheep_steamy, layout_loops_cross, wad_rectangle_vault,
          uniq_sigmund
D:6:      kennysheep_big_flooded_room, layout_basic, serial_shops, shop,
          nicolae_shop_stone, shop, nicolae_shop_bloodbath_and_beyond,
          uniq_maggie

Skill      XL: |  1  2  3  4  5  6  7 |
---------------+----------------------+-----
Conjurations   | 2 3 4 5 6 |  6.3
Fire Magic     | 4 5 6 |  6.3
Dodging        | |  2.0
Stealth        | |  2.6
Spellcasting   | |  2.0

Action                   |  1- 3 |  4- 6 |  7- 9 || total
-------------------------+-------+-------+-------++-------
Melee: Club              |     4 |       |       ||     4
       Constrict         |     6 |     2 |     1 ||     9
       Tentacles         |     7 |     2 |     3 ||    12
       Dagger            |    21 |     9 |    11 ||    41
       Punch             |       |     1 |       ||     1
 Cast: Foxfire           |    49 |   115 |    37 ||   201
  Use: Scroll            |     6 |     3 |     2 ||    11
 Stab: Sleeping          |     6 |       |     1 ||     7
Armor: Skin              |     1 |     2 |     3 ||     6
Dodge: Dodged            |    14 |    10 |    13 ||    37

Table legend: (Time is in decaauts)
 A = Elapsed time spent in this place.
 B = Non-inter-level travel time spent in this place.
 C = Inter-level travel time spent in this place.
 D = Time resting spent in this place.
 E = Time spent auto-exploring this place.
 F = Levels seen in this place.
 G = Mean time per level.
                   A        B        C        D        E       F      G
               +--------+--------+--------+--------+--------+-----+--------+
         Total |   4794 |   4572 |    222 |    786 |   3123 |   6 |  799.0 |
       Dungeon |   4794 |   4572 |    222 |    786 |   3123 |   6 |  799.0 |
               +--------+--------+--------+--------+--------+-----+--------+

Top non-repeatable levels by time:
     D:1: 1267 daAuts
     D:4: 1133 daAuts
     D:3: 1033 daAuts
     D:2: 993 daAuts
     D:5: 209 daAuts
     D:6: 156 daAuts

Table legend:
 A = Kills in this place as a percentage of kills in entire the game.
 B = Kills by you in this place as a percentage of kills by you in the entire game.
 C = Kills by friends in this place as a percentage of kills by friends in the entire game.
 D = Other kills in this place as a percentage of other kills in the entire game.
 E = Experience gained in this place as a percentage of experience gained in the entire game.
 F = Experience gained in this place divided by the number of levels of this place that you have seen.
                   A       B       C       D       E      F
               +-------+-------+-------+-------+-------+----------------------
         Total | 100.0 | 100.0 |   N/A |   N/A | 100.0 | 182.8
       Dungeon | 100.0 | 100.0 |   N/A |   N/A | 100.0 | 182.8
               +-------+-------+-------+-------+-------+----------------------
